Influenza vs River Frogs
Created - November 9, 2020 at 19:31
Goals
|
| Influenza |
0 |
2 |
1 |
3 |
| River Frogs |
2 |
3 |
0 |
5 |
|
Shots
|
| Influenza |
11 |
13 |
20 |
44 |
| River Frogs |
14 |
19 |
8 |
41 |
|
1st period
1. River Frogs , Andrew Gordon 5 (Dominik Simon 11, Emerson Etem 8) at 8:20
2. River Frogs , Justin Florek 5 (Jared Knight 2, Ondrej Kase 3) at 13:56
Penalties :
Luca Sbisa (VJB) for Hooking (Minor) at 8:27, Max Domi (VJB) for Elbowing (Minor) at 17:06
2nd period
3. River Frogs , Emerson Etem 5 (Andrew Gordon 8, Nikita Zadorov 6) at 1:33
4. Influenza , Bo Horvat 5 (Lucas Lessio 3) at 8:32 (SH)
5. River Frogs , Emerson Etem 6 (Nikita Zadorov 7) at 8:41 (PP)
6. River Frogs , Bobby Farnham 1 (Dillon Heatherington 2, Nikita Zadorov 8) at 14:54
7. Influenza , Iiro Pakarinen 3 (Max Domi 6, Bo Horvat 9) at 19:06
Penalties :
Luca Sbisa (VJB) for Hooking (Minor) at 7:25, Shea Theodore (Lou) for Hooking (Minor) at 9:04
3rd period
8. Influenza , Max Domi 6 (Justin Bailey 3) at 0:41 (PP)
Penalties :
Jared Knight (Lou) for Hooking (Minor) at 0:32, Aaron Ness (Lou) for Holding (Minor) at 4:10, Pavel Zacha (VJB) for Holding (Minor) at 9:02, Matt Grzelcyk (Lou) for Hooking (Minor) at 14:04, Tim Erixon (VJB) for High sticking (Minor) at 18:12
Goalie Stats
Charlie Lindgren (VJB), 36 saves from 41 shots - (0.878), L, 0-3-0, 60:00 minutes
Thomas Greiss (Lou), 41 saves from 44 shots - (0.932), W, 4-4-0, 60:00 minutes
Players Stats for Influenza
Player Name G A P +/- PIM S H SB GA TA FO MP PP MP PK MP
------------------------------------------------------------------------------------
Bo Horvat 1 1 2 -2 0 4 1 0 0 0 20/34 20:19 3:27 2:15
Brock Boeser 0 0 0 0 0 2 2 1 0 0 0/1 12:49 0:00 0:00
Colton Sissons 0 0 0 0 0 1 4 1 0 2 2/9 13:11 0:00 4:45
Dmitry Sinitsyn 0 0 0 -3 0 3 0 2 0 0 0/0 21:43 2:02 5:19
Iiro Pakarinen 1 0 1 -3 0 7 2 1 0 1 0/1 19:19 2:39 1:57
JT Compher 0 0 0 0 0 2 1 1 0 1 0/1 15:43 2:39 0:21
Justin Bailey 0 1 1 0 0 1 1 0 0 0 1/1 11:56 3:27 0:00
Luca Sbisa 0 0 0 -3 4 2 4 2 0 1 0/0 21:09 4:04 2:21
Lucas Lessio 0 1 1 1 0 1 0 0 0 0 0/0 12:00 0:00 3:51
Markus Nutivaara 0 0 0 0 0 3 0 1 0 0 0/0 18:52 0:00 0:53
Max Domi 1 1 2 -3 2 5 3 1 1 1 1/1 18:22 3:27 0:00
Noah Hanifin 0 0 0 1 0 1 1 1 0 0 0/0 16:37 2:02 1:42
Pavel Zacha 0 0 0 0 2 3 1 0 0 0 3/14 15:17 2:39 0:00
Roland McKeown 0 0 0 1 0 2 0 1 0 0 0/0 14:22 0:00 3:36
Ryan Dzingel 0 0 0 0 0 2 1 1 0 1 0/0 13:56 0:00 4:39
Shane Prince 0 0 0 0 0 1 0 0 0 0 3/4 9:08 0:00 0:12
Tim Erixon 0 0 0 0 2 2 2 0 1 1 0/0 27:18 4:04 4:09
Tom Kuhnhackl 0 0 0 0 0 2 3 0 0 0 0/0 8:54 0:00 0:00
Players Stats for River Frogs
Player Name G A P +/- PIM S H SB GA TA FO MP PP MP PK MP
------------------------------------------------------------------------------------
Aaron Ness 0 0 0 0 2 1 1 1 0 1 0/0 19:07 3:58 1:34
Andrew Gordon 1 1 2 1 0 7 1 2 1 0 0/0 23:07 4:31 3:49
Austin Watson 0 0 0 0 0 1 2 0 0 1 0/0 9:23 0:00 0:00
Beau Starrett 0 0 0 0 0 0 0 0 0 0 0/0 0:41 0:00 0:41
Bobby Farnham 1 0 1 1 0 1 1 0 1 0 0/0 8:35 0:00 0:00
Cameron Hughes 0 0 0 0 0 0 0 0 0 0 0/0 0:00 0:00 0:00
David Kolomatis 0 0 0 1 0 0 0 1 0 0 0/0 10:57 0:00 0:00
Dillon Heatherington 0 1 1 1 0 1 0 1 0 0 0/0 13:00 0:00 2:03
Dominik Simon 0 1 1 1 0 4 3 0 2 0 21/36 21:13 4:30 1:36
Emerson Etem 2 1 3 1 0 6 1 0 1 0 4/12 23:06 4:30 3:49
Francis Perron 0 0 0 0 0 0 0 0 0 0 0/0 0:35 0:19 0:00
Jared Knight 0 1 1 0 2 1 1 0 0 0 8/12 15:38 4:11 0:00
Joakim Nordstrom 0 0 0 1 0 1 2 0 0 0 0/0 9:16 0:00 0:41
Justin Florek 1 0 1 0 0 5 3 0 0 0 0/0 17:40 4:11 1:36
Matt Grzelcyk 0 0 0 0 2 0 1 0 0 0 0/0 4:15 0:00 0:30
Maxim Mamin 0 0 0 1 0 1 0 0 1 0 2/4 8:35 0:00 0:00
Mitch Marner 0 0 0 0 0 1 0 0 0 0 0/0 9:42 0:03 0:00
Morgan Rielly 0 0 0 0 0 1 1 2 0 0 0/0 20:43 3:58 2:45
Nikita Zadorov 0 3 3 1 0 3 0 3 0 0 0/0 28:20 5:02 3:21
Ondrej Kase 0 1 1 0 0 1 0 1 0 0 0/0 15:39 4:11 0:00
Richard Nejezchleb 0 0 0 0 0 0 0 0 0 0 0/0 0:50 0:34 0:00
Ryan Fitzgerald 0 0 0 0 0 2 0 1 0 0 1/2 9:23 0:00 0:00
Shea Theodore 0 0 0 1 2 4 1 1 2 0 0/0 24:05 5:02 1:59
3 Stars
1 - Emerson Etem (Lou)
2 - Andrew Gordon (Lou)
3 - Nikita Zadorov (Lou)
Power Play
Influenza - 1 on 4 Attempt(s) - 25.00%
River Frogs - 1 on 5 Attempt(s) - 20.00%
Penalty Kill
Influenza - 4 on 5 Attempt(s) - 80.00%
- Score 1 goal in Penalty Kill
River Frogs - 3 on 4 Attempt(s) - 75.00%
- Score 0 goal in Penalty Kill
Team Stat
Influenza - Hits : 26 - Faceoff Wins : 30 - Blocked Shots : 13 - Penalty Minutes : 10
River Frogs - Hits : 18 - Faceoff Wins : 36 - Blocked Shots : 13 - Penalty Minutes : 8
Official
Referees : Unknown
Linesman : Unknown
Game Notes
No Game Note
Finance
Level 1 -- Attendance: 1247 (62.35%) -- Ticket Income $49,880
Level 2 -- Attendance: 735 (73.50%) -- Ticket Income $14,700
Total Attendance: 1982 (66.07%)
Total Ticket Income: $64,580
Other Income: $3,229
Total Income: $67,809
Influenza
5 vs 5 Forward
Center Left Wing Right Wing Time % Phy DF OF
1 Bo Horvat Max Domi Iiro Pakarinen 40 1 2 2
2 Pavel Zacha JT Compher Brock Boeser 30 1 2 2
3 Colton Sissons Lucas Lessio Justin Bailey 20 1 2 2
4 Shane Prince Ryan Dzingel Tom Kuhnhackl 10 1 2 2
5 vs 5 Defense
Defense Defense Time % Phy DF OF
1 Markus Nutivaara Tim Erixon 40 1 2 2
2 Dmitry Sinitsyn Luca Sbisa 30 1 2 2
3 Noah Hanifin Roland McKeown 20 1 2 2
4 Tim Erixon Luca Sbisa 10 1 2 2
PowerPlay Forward
Center Left Wing Right Wing Time % Phy DF OF
1 Bo Horvat Max Domi Justin Bailey 60 1 2 2
2 Pavel Zacha JT Compher Iiro Pakarinen 40 1 2 2
PowerPlay Defense
Defense Defense Time % Phy DF OF
1 Tim Erixon Luca Sbisa 60 1 2 2
2 Dmitry Sinitsyn Noah Hanifin 40 1 2 2
Penalty Kill 4 Players Forward
Center Wing Time % Phy DF OF
1 Colton Sissons Ryan Dzingel 60 1 2 2
2 Bo Horvat Lucas Lessio 40 1 2 2
Penalty Kill 4 Players Defense
Defense Defense Time % Phy DF OF
1 Tim Erixon Dmitry Sinitsyn 60 1 2 2
2 Roland McKeown Luca Sbisa 40 1 2 2
Penalty Kill - 3 Players Forward
Forward Time % Phy DF OF
1 Colton Sissons 60 1 2 2
2 Bo Horvat 40 1 2 2
Penalty Kill - 3 Players Defense
Defense Defense Time % Phy DF OF
1 Tim Erixon Dmitry Sinitsyn 60 1 2 2
2 Roland McKeown Luca Sbisa 40 1 2 2
4 vs 4 Forward
Center Wing Time % Phy DF OF
1 Bo Horvat Max Domi 60 1 2 2
2 Colton Sissons Iiro Pakarinen 40 1 2 2
4 vs 4 Defense
Defense Defense Time % Phy DF OF
1 Tim Erixon Dmitry Sinitsyn 60 1 2 2
2 Markus Nutivaara Noah Hanifin 40 1 2 2
Last Minutes Offensive
Center Left Wing Right Wing Defense Defense
Bo Horvat Max Domi Iiro Pakarinen Tim Erixon Luca Sbisa
Last Minutes Defensive
Center Left Wing Right Wing Defense Defense
Bo Horvat Max Domi Iiro Pakarinen Tim Erixon Dmitry Sinitsyn
Goaltenders
Starting : Charlie Lindgren
Backup : Malcolm Subban
Extra Forwards
Normal : Pavel Zacha, Iiro Pakarinen, Justin Bailey - PP : Iiro Pakarinen, Colton Sissons - PK : Iiro Pakarinen
Extra Defensemen
Normal : Markus Nutivaara, Noah Hanifin, Roland McKeown - PP : Markus Nutivaara - PK : Noah Hanifin, Roland McKeown
Penalty Shots
Bo Horvat, Colton Sissons, Ryan Dzingel, Tom Kuhnhackl, Max Domi
Scratches
Jeff Corbett (Healthy), Aleksi Saarela (Healthy), Henri Ikonen (Healthy), Johan Larsson (Healthy), Jakob Forsbacka-Karlsson (Healthy)
Blake Lizotte (Healthy), Radovan Bondra (Healthy), Simon Bourque (Healthy), Mitchell Moroz (Healthy), Jesse Graham (Healthy)
Jake Walman (Healthy), Conner Bleackley (Healthy), Brycen Martin (Healthy), Jaden Lindo (Healthy), Jamie Phillips (Healthy)
River Frogs
5 vs 5 Forward
Center Left Wing Right Wing Time % Phy DF OF
1 Dominik Simon Emerson Etem Andrew Gordon 40 1 2 2
2 Jared Knight Justin Florek Ondrej Kase 30 1 2 2
3 Ryan Fitzgerald Austin Watson Mitch Marner 20 1 2 2
4 Maxim Mamin Joakim Nordstrom Bobby Farnham 10 1 2 2
5 vs 5 Defense
Defense Defense Time % Phy DF OF
1 Nikita Zadorov Shea Theodore 40 1 2 2
2 Morgan Rielly Aaron Ness 30 1 2 2
3 David Kolomatis Dillon Heatherington 20 1 2 2
4 Matt Grzelcyk Nikita Zadorov 10 1 2 2
PowerPlay Forward
Center Left Wing Right Wing Time % Phy DF OF
1 Dominik Simon Emerson Etem Andrew Gordon 60 1 2 2
2 Jared Knight Justin Florek Ondrej Kase 40 1 2 2
PowerPlay Defense
Defense Defense Time % Phy DF OF
1 Nikita Zadorov Shea Theodore 60 1 2 2
2 Morgan Rielly Aaron Ness 40 1 2 2
Penalty Kill 4 Players Forward
Center Wing Time % Phy DF OF
1 Emerson Etem Andrew Gordon 60 1 2 2
2 Justin Florek Dominik Simon 40 1 2 2
Penalty Kill 4 Players Defense
Defense Defense Time % Phy DF OF
1 Nikita Zadorov Shea Theodore 60 1 2 2
2 Morgan Rielly Aaron Ness 40 1 2 2
Penalty Kill - 3 Players Forward
Forward Time % Phy DF OF
1 Emerson Etem 60 1 2 2
2 Andrew Gordon 40 1 2 2
Penalty Kill - 3 Players Defense
Defense Defense Time % Phy DF OF
1 Nikita Zadorov Shea Theodore 60 1 2 2
2 Morgan Rielly Aaron Ness 40 1 2 2
4 vs 4 Forward
Center Wing Time % Phy DF OF
1 Emerson Etem Andrew Gordon 60 1 2 2
2 Justin Florek Dominik Simon 40 1 2 2
4 vs 4 Defense
Defense Defense Time % Phy DF OF
1 Nikita Zadorov Shea Theodore 60 1 2 2
2 Morgan Rielly Aaron Ness 40 1 2 2
Last Minutes Offensive
Center Left Wing Right Wing Defense Defense
Dominik Simon Emerson Etem Andrew Gordon Nikita Zadorov Shea Theodore
Last Minutes Defensive
Center Left Wing Right Wing Defense Defense
Dominik Simon Emerson Etem Andrew Gordon Nikita Zadorov Shea Theodore
Goaltenders
Starting : Thomas Greiss
Backup : Tyler Beskorowany
Extra Forwards
Normal : Richard Nejezchleb, Francis Perron, Beau Starrett - PP : Richard Nejezchleb, Francis Perron - PK : Beau Starrett
Extra Defensemen
Normal : David Kolomatis, Dillon Heatherington, Matt Grzelcyk - PP : David Kolomatis - PK : Dillon Heatherington, Matt Grzelcyk
Penalty Shots
Emerson Etem, Andrew Gordon, Justin Florek, Dominik Simon, Ondrej Kase
Scratches
Christian Hanson (Groin Injury), Timothy Kunes (Healthy), Matt Calvert (Healthy), Phoenix Copley (Healthy)
% Time on Ice - Influenza
Lines # - Real PCT - Wanted PCT - Time Play
Normal Forward
1 - 33% - 40% - 15:02
2 - 29% - 30% - 12:51
3 - 18% - 20% - 8:07
4 - 20% - 10% - 8:54
Normal Defense
1 - 40% - 40% - 17:45
2 - 30% - 30% - 13:27
3 - 26% - 20% - 11:46
4 - 4% - 10% - 1:56
PP Forward
1 - 57% - 60% - 3:27
2 - 43% - 40% - 2:39
PP Defense
1 - 67% - 60% - 4:04
2 - 33% - 40% - 2:02
PK Forward
1 - 75% - 60% - 6:45
2 - 25% - 40% - 2:15
PK Defense
1 - 59% - 60% - 5:19
2 - 41% - 40% - 3:41
PK3 Forward
1 - 0% - 60%
2 - 0% - 40%
PK3 Defense
1 - 0% - 60%
2 - 0% - 40%
44 Forward
1 - 0% - 60%
2 - 0% - 40%
44 Defense
1 - 0% - 60%
2 - 0% - 40%
Last Minute Offensive - 0:00
Last Minute Defensive - 0:00
Total
Forward - 60:00
Defense - 60:00
|
% Time on Ice - River Frogs
Lines # - Real PCT - Wanted PCT - Time Play
Normal Forward
1 - 34% - 40% - 15:03
2 - 26% - 30% - 11:53
3 - 21% - 20% - 9:23
4 - 19% - 10% - 8:35
Normal Defense
1 - 37% - 40% - 16:40
2 - 30% - 30% - 13:36
3 - 24% - 20% - 10:57
4 - 8% - 10% - 3:41
PP Forward
1 - 54% - 60% - 4:49
2 - 46% - 40% - 4:11
PP Defense
1 - 56% - 60% - 5:02
2 - 44% - 40% - 3:58
PK Forward
1 - 74% - 60% - 4:30
2 - 26% - 40% - 1:36
PK Defense
1 - 55% - 60% - 3:21
2 - 45% - 40% - 2:45
PK3 Forward
1 - 0% - 60%
2 - 0% - 40%
PK3 Defense
1 - 0% - 60%
2 - 0% - 40%
44 Forward
1 - 0% - 60%
2 - 0% - 40%
44 Defense
1 - 0% - 60%
2 - 0% - 40%
Last Minute Offensive - 0:00
Last Minute Defensive - 0:00
Total
Forward - 60:00
Defense - 60:00
|
Play-by-Play
1st period
0:01 of 1st period - Bo Horvat wins face-off versus Dominik Simon in neutral zone.
0:10 of 1st period - Snap shot by Max Domi.
0:10 of 1st period - Stopped by Thomas Greiss with a rebound.
1:58 of 1st period - Snap shot by JT Compher.
1:58 of 1st period - Shot Misses the Net.
2:56 of 1st period - Wrist shot by Ryan Dzingel.
2:56 of 1st period - Shot Misses the Net.
3:34 of 1st period - Roland McKeown is hit by Matt Grzelcyk and loses puck.
4:04 of 1st period - Max Domi is hit by Austin Watson and loses puck.
4:23 of 1st period - Slapshot by Shea Theodore.
4:23 of 1st period - Stopped by Charlie Lindgren with a rebound.
5:08 of 1st period - Slapshot by Maxim Mamin.
5:08 of 1st period - Stopped by Charlie Lindgren with a rebound.
5:14 of 1st period - Bobby Farnham is hit by Tom Kuhnhackl and loses puck.
5:23 of 1st period - Backhand shot by Joakim Nordstrom.
5:23 of 1st period - Shot Misses the Net.
5:33 of 1st period - Snap shot by Joakim Nordstrom.
5:33 of 1st period - Shot Blocked by Roland McKeown.
5:43 of 1st period - Bobby Farnham is hit by Tom Kuhnhackl and loses puck.
5:52 of 1st period - Wrist shot by Ryan Dzingel.
5:52 of 1st period - Deflect By Tom Kuhnhackl.
5:52 of 1st period - Stopped by Thomas Greiss with a rebound.
5:54 of 1st period - Slapshot by Roland McKeown.
5:54 of 1st period - Stopped by Thomas Greiss with a rebound.
5:56 of 1st period - Slapshot by Ryan Dzingel.
5:56 of 1st period - Shot Misses the Net.
5:58 of 1st period - Wrist shot by Shane Prince.
5:58 of 1st period - Shot Blocked by Nikita Zadorov.
6:16 of 1st period - Wrist shot by Ryan Dzingel.
6:16 of 1st period - Shot Misses the Net.
6:18 of 1st period - Snap shot by Ryan Dzingel.
6:18 of 1st period - Stopped by Thomas Greiss without a rebound.
6:19 of 1st period - Dominik Simon wins face-off versus Bo Horvat in River Frogs zone.
6:32 of 1st period - Wrist shot by Emerson Etem.
6:32 of 1st period - Stopped by Charlie Lindgren without a rebound.
6:33 of 1st period - Dominik Simon wins face-off versus Brock Boeser in Influenza zone.
6:34 of 1st period - Slapshot by Emerson Etem.
6:34 of 1st period - Shot Blocked by Brock Boeser.
6:36 of 1st period - Slapshot by Aaron Ness.
6:36 of 1st period - Stopped by Charlie Lindgren with a rebound.
6:38 of 1st period - Slapshot by Emerson Etem.
6:38 of 1st period - Shot Misses the Net.
6:40 of 1st period - Slapshot by Morgan Rielly.
6:40 of 1st period - Stopped by Charlie Lindgren with a rebound.
6:42 of 1st period - Slapshot by Andrew Gordon.
6:42 of 1st period - Shot Misses the Net.
6:44 of 1st period - Wrist shot by Andrew Gordon.
6:44 of 1st period - Stopped by Charlie Lindgren without a rebound.
6:45 of 1st period - Dominik Simon wins face-off versus Bo Horvat in Influenza zone.
6:52 of 1st period - Wrist shot by Max Domi.
6:52 of 1st period - Stopped by Thomas Greiss with a rebound.
7:07 of 1st period - Tim Erixon is hit by Emerson Etem and loses puck.
7:27 of 1st period - Icing by Aaron Ness.
7:28 of 1st period - Jared Knight wins face-off versus Pavel Zacha in River Frogs zone.
7:53 of 1st period - Jared Knight is hit by Colton Sissons and loses puck.
7:58 of 1st period - Wrist shot by Justin Bailey.
7:58 of 1st period - Stopped by Thomas Greiss with a rebound.
8:00 of 1st period - Slapshot by Tim Erixon.
8:00 of 1st period - Shot Blocked by Morgan Rielly.
8:18 of 1st period - Snap shot by Dominik Simon.
8:18 of 1st period - Stopped by Charlie Lindgren with a rebound.
8:20 of 1st period - Snap shot by Andrew Gordon.
8:20 of 1st period - Goal by Andrew Gordon - Influenza : 0 - River Frogs : 1.
8:21 of 1st period - Dominik Simon wins face-off versus Bo Horvat in neutral zone.
8:27 of 1st period - Minor Penalty to Luca Sbisa for Hooking.
8:28 of 1st period - Colton Sissons wins face-off versus Dominik Simon in Influenza zone.
10:27 of 1st period - Penalty to Luca Sbisa is over, Luca Sbisa is back on ice.
10:36 of 1st period - Luca Sbisa is hit by Aaron Ness.
10:40 of 1st period - Ryan Fitzgerald is hit by Luca Sbisa and loses puck.
11:02 of 1st period - Icing by Dillon Heatherington.
11:03 of 1st period - Maxim Mamin wins face-off versus Shane Prince in River Frogs zone.
11:08 of 1st period - Snap shot by Jared Knight.
11:08 of 1st period - Shot Misses the Net.
11:28 of 1st period - David Kolomatis is hit by Colton Sissons and loses puck.
11:33 of 1st period - Snap shot by Colton Sissons.
11:33 of 1st period - Shot Blocked by David Kolomatis.
11:35 of 1st period - Snap shot by Colton Sissons.
11:35 of 1st period - Stopped by Thomas Greiss without a rebound.
11:36 of 1st period - Bo Horvat wins face-off versus Dominik Simon in River Frogs zone.
11:41 of 1st period - Wrist shot by Bo Horvat.
11:41 of 1st period - Shot Misses the Net.
11:43 of 1st period - Wrist shot by Iiro Pakarinen.
11:43 of 1st period - Shot Misses the Net.
11:45 of 1st period - Slapshot by Noah Hanifin.
11:45 of 1st period - Stopped by Thomas Greiss with a rebound.
11:47 of 1st period - Wrist shot by Iiro Pakarinen.
11:47 of 1st period - Shot Blocked by Nikita Zadorov.
11:49 of 1st period - Slapshot by Roland McKeown.
11:49 of 1st period - Shot Misses the Net.
11:51 of 1st period - Slapshot by Roland McKeown.
11:51 of 1st period - Stopped by Thomas Greiss with a rebound.
12:01 of 1st period - Brock Boeser is hit by Justin Florek and loses puck.
12:24 of 1st period - Snap shot by Aaron Ness.
12:24 of 1st period - Deflect By Mitch Marner.
12:24 of 1st period - Stopped by Charlie Lindgren with a rebound.
12:30 of 1st period - Colton Sissons is hit by Austin Watson and loses puck.
12:49 of 1st period - Snap shot by Iiro Pakarinen.
12:49 of 1st period - Deflect By Dillon Heatherington.
12:49 of 1st period - Stopped by Thomas Greiss with a rebound.
13:03 of 1st period - Wrist shot by Pavel Zacha.
13:03 of 1st period - Shot Misses the Net.
13:05 of 1st period - Snap shot by Luca Sbisa.
13:05 of 1st period - Deflect By Shane Prince.
13:05 of 1st period - Shot Blocked by Dillon Heatherington.
13:05 of 1st period - Puck is out of play.
13:06 of 1st period - Shane Prince wins face-off versus Dominik Simon in River Frogs zone.
13:34 of 1st period - Off-side.
13:35 of 1st period - Jared Knight wins face-off versus Bo Horvat in neutral zone.
13:56 of 1st period - Wrist shot by Justin Florek.
13:56 of 1st period - Goal by Justin Florek - Influenza : 0 - River Frogs : 2.
13:57 of 1st period - Dominik Simon wins face-off versus Pavel Zacha in neutral zone.
14:04 of 1st period - Slapshot by Andrew Gordon.
14:04 of 1st period - Stopped by Charlie Lindgren with a rebound.
14:06 of 1st period - Snap shot by Andrew Gordon.
14:06 of 1st period - Stopped by Charlie Lindgren without a rebound.
14:07 of 1st period - Dominik Simon wins face-off versus Pavel Zacha in Influenza zone.
14:14 of 1st period - Slapshot by Andrew Gordon.
14:14 of 1st period - Stopped by Charlie Lindgren with a rebound.
14:16 of 1st period - Snap shot by Emerson Etem.
14:16 of 1st period - Stopped by Charlie Lindgren without a rebound.
14:17 of 1st period - Bo Horvat wins face-off versus Dominik Simon in Influenza zone.
14:24 of 1st period - Wrist shot by Max Domi.
14:24 of 1st period - Shot Blocked by Andrew Gordon.
14:26 of 1st period - Wrist shot by Iiro Pakarinen.
14:26 of 1st period - Shot Misses the Net.
14:32 of 1st period - Slapshot by Iiro Pakarinen.
14:32 of 1st period - Shot Blocked by Andrew Gordon.
14:49 of 1st period - Justin Florek is hit by Brock Boeser.
15:53 of 1st period - Snap shot by Ryan Dzingel.
15:53 of 1st period - Stopped by Thomas Greiss with a rebound.
16:01 of 1st period - David Kolomatis is hit by Ryan Dzingel and loses puck.
16:35 of 1st period - Lucas Lessio is hit by Morgan Rielly and loses puck.
16:40 of 1st period - Slapshot by Dominik Simon.
16:40 of 1st period - Shot Misses the Net.
16:50 of 1st period - Iiro Pakarinen is hit by Justin Florek and loses puck.
16:57 of 1st period - Nikita Zadorov is hit by Luca Sbisa and loses puck.
17:06 of 1st period - Minor Penalty to Max Domi for Elbowing.
17:07 of 1st period - Dominik Simon wins face-off versus Colton Sissons in Influenza zone.
19:06 of 1st period - Penalty to Max Domi is over, Max Domi is back on ice.
19:30 of 1st period - JT Compher is hit by Joakim Nordstrom and loses puck.
19:39 of 1st period - Joakim Nordstrom is hit by JT Compher and loses puck.
Goals for this period are 0 for Influenza vs 2 for River Frogs.
Shots for this period are 11 for Influenza vs 14 for River Frogs.
2nd period
0:01 of 2nd period - Dominik Simon wins face-off versus Bo Horvat in neutral zone.
0:06 of 2nd period - Slapshot by Dominik Simon.
0:06 of 2nd period - Stopped by Charlie Lindgren with a rebound.
1:07 of 2nd period - Snap shot by Joakim Nordstrom.
1:07 of 2nd period - Stopped by Charlie Lindgren without a rebound.
1:08 of 2nd period - Shane Prince wins face-off versus Maxim Mamin in Influenza zone.
1:16 of 2nd period - Slapshot by Luca Sbisa.
1:16 of 2nd period - Deflect By Shea Theodore.
1:16 of 2nd period - Stopped by Thomas Greiss without a rebound.
1:17 of 2nd period - Dominik Simon wins face-off versus Iiro Pakarinen in River Frogs zone.
1:17 of 2nd period - Dominik Simon is hit by Iiro Pakarinen.
1:33 of 2nd period - Slapshot by Emerson Etem.
1:33 of 2nd period - Goal by Emerson Etem - Influenza : 0 - River Frogs : 3.
1:34 of 2nd period - Max Domi wins face-off versus Dominik Simon in neutral zone.
2:42 of 2nd period - Morgan Rielly is hit by Tom Kuhnhackl.
2:53 of 2nd period - Wrist shot by Emerson Etem.
2:53 of 2nd period - Shot Misses the Net.
2:57 of 2nd period - Wrist shot by Andrew Gordon.
2:57 of 2nd period - Stopped by Charlie Lindgren without a rebound.
2:58 of 2nd period - Dominik Simon wins face-off versus Bo Horvat in Influenza zone.
3:18 of 2nd period - Slapshot by Dominik Simon.
3:18 of 2nd period - Stopped by Charlie Lindgren with a rebound.
3:20 of 2nd period - Slapshot by Nikita Zadorov.
3:20 of 2nd period - Stopped by Charlie Lindgren without a rebound.
3:21 of 2nd period - Jared Knight wins face-off versus Pavel Zacha in Influenza zone.
3:24 of 2nd period - Snap shot by Jared Knight.
3:24 of 2nd period - Shot Blocked by Markus Nutivaara.
3:26 of 2nd period - Snap shot by Ondrej Kase.
3:26 of 2nd period - Deflect By Jared Knight.
3:26 of 2nd period - Stopped by Charlie Lindgren with a rebound.
3:28 of 2nd period - Wrist shot by Jared Knight.
3:28 of 2nd period - Shot Misses the Net.
3:30 of 2nd period - Snap shot by Justin Florek.
3:30 of 2nd period - Stopped by Charlie Lindgren with a rebound.
3:32 of 2nd period - Slapshot by Dillon Heatherington.
3:32 of 2nd period - Stopped by Charlie Lindgren without a rebound.
3:33 of 2nd period - Dominik Simon wins face-off versus Bo Horvat in Influenza zone.
3:47 of 2nd period - Icing by Nikita Zadorov.
3:48 of 2nd period - Dominik Simon wins face-off versus Pavel Zacha in River Frogs zone.
4:43 of 2nd period - Shea Theodore is hit by Colton Sissons and loses puck.
4:57 of 2nd period - Off-side.
4:58 of 2nd period - Shane Prince wins face-off versus Ryan Fitzgerald in neutral zone.
5:01 of 2nd period - Slapshot by Markus Nutivaara.
5:01 of 2nd period - Deflect By Shane Prince.
5:01 of 2nd period - Stopped by Thomas Greiss with a rebound.
5:03 of 2nd period - Snap shot by Tom Kuhnhackl.
5:03 of 2nd period - Stopped by Thomas Greiss with a rebound.
5:05 of 2nd period - Slapshot by Markus Nutivaara.
5:05 of 2nd period - Stopped by Thomas Greiss with a rebound.
5:07 of 2nd period - Slapshot by Tim Erixon.
5:07 of 2nd period - Shot Blocked by Ryan Fitzgerald.
6:01 of 2nd period - Slapshot by Ryan Fitzgerald.
6:01 of 2nd period - Stopped by Charlie Lindgren with a rebound.
6:03 of 2nd period - Wrist shot by Austin Watson.
6:03 of 2nd period - Shot Misses the Net.
6:07 of 2nd period - Snap shot by Austin Watson.
6:07 of 2nd period - Shot Misses the Net.
6:09 of 2nd period - Wrist shot by Austin Watson.
6:09 of 2nd period - Shot Misses the Net.
6:11 of 2nd period - Wrist shot by Aaron Ness.
6:11 of 2nd period - Shot Blocked by Dmitry Sinitsyn.
6:13 of 2nd period - Snap shot by Austin Watson.
6:13 of 2nd period - Stopped by Charlie Lindgren with a rebound.
6:15 of 2nd period - Snap shot by Ryan Fitzgerald.
6:15 of 2nd period - Stopped by Charlie Lindgren without a rebound.
6:16 of 2nd period - Bo Horvat wins face-off versus Dominik Simon in Influenza zone.
6:31 of 2nd period - Snap shot by Shea Theodore.
6:31 of 2nd period - Shot Misses the Net.
7:25 of 2nd period - Minor Penalty to Luca Sbisa for Hooking.
7:26 of 2nd period - Dominik Simon wins face-off versus Colton Sissons in Influenza zone.
7:52 of 2nd period - Emerson Etem is hit by Bo Horvat and loses puck.
8:24 of 2nd period - Icing by Andrew Gordon.
8:25 of 2nd period - Bo Horvat wins face-off versus Jared Knight in River Frogs zone.
8:32 of 2nd period - Wrist shot by Bo Horvat.
8:32 of 2nd period - Goal by Bo Horvat - Influenza : 1 - River Frogs : 3.
8:33 of 2nd period - Dominik Simon wins face-off versus Colton Sissons in neutral zone.
8:36 of 2nd period - Tim Erixon is hit by Dominik Simon and loses puck.
8:41 of 2nd period - Snap shot by Emerson Etem.
8:41 of 2nd period - Goal by Emerson Etem - Influenza : 1 - River Frogs : 4.
8:42 of 2nd period - Dominik Simon wins face-off versus Bo Horvat in neutral zone.
9:04 of 2nd period - Minor Penalty to Shea Theodore for Hooking.
9:05 of 2nd period - Emerson Etem wins face-off versus Bo Horvat in River Frogs zone.
9:14 of 2nd period - Wrist shot by Luca Sbisa.
9:14 of 2nd period - Deflect By Emerson Etem.
9:14 of 2nd period - Stopped by Thomas Greiss without a rebound.
9:15 of 2nd period - Emerson Etem wins face-off versus Bo Horvat in River Frogs zone.
9:19 of 2nd period - Off-side.
9:20 of 2nd period - Bo Horvat wins face-off versus Emerson Etem in neutral zone.
9:46 of 2nd period - Andrew Gordon is hit by Luca Sbisa and loses puck.
9:53 of 2nd period - Slapshot by Iiro Pakarinen.
9:53 of 2nd period - Deflect By Pavel Zacha.
9:53 of 2nd period - Stopped by Thomas Greiss without a rebound.
9:54 of 2nd period - Bo Horvat wins face-off versus Emerson Etem in River Frogs zone.
10:04 of 2nd period - Off-side.
10:05 of 2nd period - Bo Horvat wins face-off versus Emerson Etem in neutral zone.
10:30 of 2nd period - Tim Erixon is hit by Dominik Simon.
11:04 of 2nd period - Penalty to Shea Theodore is over, Shea Theodore is back on ice.
11:12 of 2nd period - Slapshot by Tim Erixon.
11:12 of 2nd period - Stopped by Thomas Greiss with a rebound.
12:19 of 2nd period - Dillon Heatherington is hit by Iiro Pakarinen and loses puck.
12:55 of 2nd period - Snap shot by Justin Bailey.
12:55 of 2nd period - Deflect By Lucas Lessio.
12:55 of 2nd period - Stopped by Thomas Greiss with a rebound.
13:07 of 2nd period - Brock Boeser is hit by Jared Knight and loses puck.
13:22 of 2nd period - Backhand shot by Shea Theodore.
13:22 of 2nd period - Stopped by Charlie Lindgren with a rebound.
13:24 of 2nd period - Slapshot by Nikita Zadorov.
13:24 of 2nd period - Shot Misses the Net.
13:26 of 2nd period - Slapshot by Shea Theodore.
13:26 of 2nd period - Stopped by Charlie Lindgren without a rebound.
13:27 of 2nd period - Bo Horvat wins face-off versus Maxim Mamin in Influenza zone.
13:36 of 2nd period - Bo Horvat is hit by Joakim Nordstrom.
13:40 of 2nd period - Morgan Rielly is hit by Tim Erixon and loses puck.
13:49 of 2nd period - Max Domi is hit by Bobby Farnham.
14:11 of 2nd period - Slapshot by Shea Theodore.
14:11 of 2nd period - Shot Blocked by Dmitry Sinitsyn.
14:35 of 2nd period - Slapshot by Morgan Rielly.
14:35 of 2nd period - Shot Blocked by Iiro Pakarinen.
14:48 of 2nd period - Snap shot by Joakim Nordstrom.
14:48 of 2nd period - Shot Misses the Net.
14:50 of 2nd period - Slapshot by Nikita Zadorov.
14:50 of 2nd period - Shot Blocked by Max Domi.
14:54 of 2nd period - Slapshot by Bobby Farnham.
14:54 of 2nd period - Goal by Bobby Farnham - Influenza : 1 - River Frogs : 5.
14:55 of 2nd period - Dominik Simon wins face-off versus Pavel Zacha in neutral zone.
14:58 of 2nd period - Slapshot by Emerson Etem.
14:58 of 2nd period - Stopped by Charlie Lindgren with a rebound.
16:39 of 2nd period - Slapshot by Markus Nutivaara.
16:39 of 2nd period - Deflect By Dominik Simon.
16:39 of 2nd period - Stopped by Thomas Greiss without a rebound.
16:40 of 2nd period - Jared Knight wins face-off versus Pavel Zacha in River Frogs zone.
16:47 of 2nd period - Wrist shot by JT Compher.
16:47 of 2nd period - Deflect By Brock Boeser.
16:47 of 2nd period - Stopped by Thomas Greiss without a rebound.
16:48 of 2nd period - Jared Knight wins face-off versus Pavel Zacha in River Frogs zone.
16:48 of 2nd period - Jared Knight is hit by Brock Boeser.
17:02 of 2nd period - Wrist shot by Pavel Zacha.
17:02 of 2nd period - Deflect By JT Compher.
17:02 of 2nd period - Stopped by Thomas Greiss with a rebound.
17:47 of 2nd period - Jared Knight is hit by Pavel Zacha and loses puck.
18:02 of 2nd period - Snap shot by Ondrej Kase.
18:02 of 2nd period - Deflect By Justin Florek.
18:02 of 2nd period - Stopped by Charlie Lindgren with a rebound.
18:26 of 2nd period - Wrist shot by Shea Theodore.
18:26 of 2nd period - Deflect By Ondrej Kase.
18:26 of 2nd period - Shot Blocked by Luca Sbisa.
18:26 of 2nd period - Puck is out of play.
18:27 of 2nd period - Dominik Simon wins face-off versus Bo Horvat in Influenza zone.
18:44 of 2nd period - Iiro Pakarinen is hit by Andrew Gordon and loses puck.
18:51 of 2nd period - Morgan Rielly is hit by Max Domi and loses puck.
19:06 of 2nd period - Wrist shot by Iiro Pakarinen.
19:06 of 2nd period - Goal by Iiro Pakarinen - Influenza : 2 - River Frogs : 5.
19:07 of 2nd period - Ryan Fitzgerald wins face-off versus Colton Sissons in neutral zone.
19:26 of 2nd period - Morgan Rielly is hit by Colton Sissons and loses puck.
19:45 of 2nd period - Snap shot by Dominik Simon.
19:45 of 2nd period - Stopped by Charlie Lindgren without a rebound.
19:46 of 2nd period - Dominik Simon wins face-off versus Bo Horvat in Influenza zone.
19:52 of 2nd period - Off-side.
19:53 of 2nd period - Bo Horvat wins face-off versus Dominik Simon in neutral zone.
Goals for this period are 2 for Influenza vs 3 for River Frogs.
Shots for this period are 13 for Influenza vs 19 for River Frogs.
3rd period
0:01 of 3rd period - Bo Horvat wins face-off versus Dominik Simon in neutral zone.
0:10 of 3rd period - Wrist shot by Bo Horvat.
0:10 of 3rd period - Stopped by Thomas Greiss with a rebound.
0:12 of 3rd period - Snap shot by Iiro Pakarinen.
0:12 of 3rd period - Stopped by Thomas Greiss with a rebound.
0:14 of 3rd period - Slapshot by Markus Nutivaara.
0:14 of 3rd period - Stopped by Thomas Greiss without a rebound.
0:15 of 3rd period - Pavel Zacha wins face-off versus Jared Knight in River Frogs zone.
0:16 of 3rd period - Snap shot by JT Compher.
0:16 of 3rd period - Deflect By Brock Boeser.
0:16 of 3rd period - Stopped by Thomas Greiss with a rebound.
0:23 of 3rd period - Off-side.
0:24 of 3rd period - Jared Knight wins face-off versus Pavel Zacha in neutral zone.
0:32 of 3rd period - Minor Penalty to Jared Knight for Hooking.
0:33 of 3rd period - Bo Horvat wins face-off versus Emerson Etem in River Frogs zone.
0:33 of 3rd period - Snap shot by Max Domi.
0:33 of 3rd period - Stopped by Thomas Greiss with a rebound.
0:35 of 3rd period - Snap shot by Bo Horvat.
0:35 of 3rd period - Shot Misses the Net.
0:37 of 3rd period - Wrist shot by Bo Horvat.
0:37 of 3rd period - Stopped by Thomas Greiss with a rebound.
0:39 of 3rd period - Slapshot by Tim Erixon.
0:39 of 3rd period - Deflect By Shea Theodore.
0:39 of 3rd period - Stopped by Thomas Greiss without a rebound.
0:40 of 3rd period - Justin Bailey wins face-off versus Emerson Etem in River Frogs zone.
0:41 of 3rd period - Snap shot by Max Domi.
0:41 of 3rd period - Goal by Max Domi - Influenza : 3 - River Frogs : 5.
0:42 of 3rd period - Bo Horvat wins face-off versus Dominik Simon in neutral zone.
0:45 of 3rd period - Shea Theodore is hit by Max Domi and loses puck.
0:52 of 3rd period - Wrist shot by Bo Horvat.
0:52 of 3rd period - Shot Hit the Post.
1:53 of 3rd period - Wrist shot by Joakim Nordstrom.
1:53 of 3rd period - Shot Misses the Net.
1:55 of 3rd period - Backhand shot by Aaron Ness.
1:55 of 3rd period - Shot Blocked by Noah Hanifin.
1:57 of 3rd period - Slapshot by Morgan Rielly.
1:57 of 3rd period - Shot Blocked by JT Compher.
1:59 of 3rd period - Slapshot by Morgan Rielly.
1:59 of 3rd period - Shot Misses the Net.
2:40 of 3rd period - Snap shot by Noah Hanifin.
2:40 of 3rd period - Shot Blocked by Ondrej Kase.
2:48 of 3rd period - Wrist shot by Justin Florek.
2:48 of 3rd period - Stopped by Charlie Lindgren without a rebound.
2:49 of 3rd period - Bo Horvat wins face-off versus Dominik Simon in Influenza zone.
3:16 of 3rd period - Dillon Heatherington is hit by Tim Erixon and loses puck.
3:21 of 3rd period - Snap shot by Brock Boeser.
3:21 of 3rd period - Deflect By JT Compher.
3:21 of 3rd period - Shot Misses the Net.
3:21 of 3rd period - Puck is out of play.
3:22 of 3rd period - Pavel Zacha wins face-off versus Jared Knight in River Frogs zone.
3:23 of 3rd period - Snap shot by JT Compher.
3:23 of 3rd period - Shot Misses the Net.
3:47 of 3rd period - Wrist shot by Iiro Pakarinen.
3:47 of 3rd period - Stopped by Thomas Greiss without a rebound.
3:48 of 3rd period - Bo Horvat wins face-off versus Dominik Simon in River Frogs zone.
3:53 of 3rd period - Snap shot by Bo Horvat.
3:53 of 3rd period - Stopped by Thomas Greiss with a rebound.
4:10 of 3rd period - Minor Penalty to Aaron Ness for Holding.
4:11 of 3rd period - Bo Horvat wins face-off versus Emerson Etem in River Frogs zone.
5:38 of 3rd period - Iiro Pakarinen is hit by Shea Theodore and loses puck.
6:10 of 3rd period - Penalty to Aaron Ness is over, Aaron Ness is back on ice.
6:40 of 3rd period - Slapshot by Dmitry Sinitsyn.
6:40 of 3rd period - Deflect By David Kolomatis.
6:40 of 3rd period - Stopped by Thomas Greiss without a rebound.
6:41 of 3rd period - Maxim Mamin wins face-off versus Colton Sissons in River Frogs zone.
7:00 of 3rd period - Slapshot by Shea Theodore.
7:00 of 3rd period - Shot Misses the Net.
7:24 of 3rd period - Slapshot by Iiro Pakarinen.
7:24 of 3rd period - Stopped by Thomas Greiss without a rebound.
7:25 of 3rd period - Bo Horvat wins face-off versus Jared Knight in River Frogs zone.
7:28 of 3rd period - Wrist shot by Iiro Pakarinen.
7:28 of 3rd period - Stopped by Thomas Greiss without a rebound.
7:29 of 3rd period - Bo Horvat wins face-off versus Dominik Simon in River Frogs zone.
7:32 of 3rd period - Wrist shot by Bo Horvat.
7:32 of 3rd period - Shot Misses the Net.
7:38 of 3rd period - Slapshot by Shea Theodore.
7:38 of 3rd period - Deflect By Emerson Etem.
7:38 of 3rd period - Stopped by Charlie Lindgren without a rebound.
7:39 of 3rd period - Dominik Simon wins face-off versus Bo Horvat in Influenza zone.
7:46 of 3rd period - Slapshot by Shea Theodore.
7:46 of 3rd period - Stopped by Charlie Lindgren with a rebound.
7:48 of 3rd period - Slapshot by Shea Theodore.
7:48 of 3rd period - Shot Misses the Net.
7:50 of 3rd period - Slapshot by Shea Theodore.
7:50 of 3rd period - Shot Blocked by Luca Sbisa.
7:52 of 3rd period - Snap shot by Nikita Zadorov.
7:52 of 3rd period - Stopped by Charlie Lindgren without a rebound.
7:53 of 3rd period - Pavel Zacha wins face-off versus Dominik Simon in Influenza zone.
7:57 of 3rd period - Off-side.
7:58 of 3rd period - Dominik Simon wins face-off versus Pavel Zacha in neutral zone.
8:01 of 3rd period - Slapshot by Shea Theodore.
8:01 of 3rd period - Deflect By Dominik Simon.
8:01 of 3rd period - Shot Misses the Net.
8:01 of 3rd period - Puck is out of play.
8:02 of 3rd period - Dominik Simon wins face-off versus Pavel Zacha in Influenza zone.
8:43 of 3rd period - Slapshot by Andrew Gordon.
8:43 of 3rd period - Stopped by Charlie Lindgren with a rebound.
8:45 of 3rd period - Slapshot by Nikita Zadorov.
8:45 of 3rd period - Stopped by Charlie Lindgren with a rebound.
9:02 of 3rd period - Minor Penalty to Pavel Zacha for Holding.
9:03 of 3rd period - Jared Knight wins face-off versus Colton Sissons in Influenza zone.
9:05 of 3rd period - Slapshot by Jared Knight.
9:05 of 3rd period - Shot Blocked by Colton Sissons.
10:17 of 3rd period - Roland McKeown is hit by Dominik Simon.
11:02 of 3rd period - Penalty to Pavel Zacha is over, Pavel Zacha is back on ice.
11:14 of 3rd period - Slapshot by Dmitry Sinitsyn.
11:14 of 3rd period - Stopped by Thomas Greiss with a rebound.
12:00 of 3rd period - Andrew Gordon is hit by Noah Hanifin and loses puck.
12:27 of 3rd period - Morgan Rielly is hit by Max Domi and loses puck.
13:39 of 3rd period - Dmitry Sinitsyn is hit by Justin Florek and loses puck.
14:04 of 3rd period - Minor Penalty to Matt Grzelcyk for Hooking.
14:05 of 3rd period - Bo Horvat wins face-off versus Emerson Etem in River Frogs zone.
14:06 of 3rd period - Snap shot by Max Domi.
14:06 of 3rd period - Shot Blocked by Shea Theodore.
14:12 of 3rd period - Snap shot by Max Domi.
14:12 of 3rd period - Shot Misses the Net.
14:14 of 3rd period - Slapshot by Tim Erixon.
14:14 of 3rd period - Shot Blocked by Nikita Zadorov.
14:16 of 3rd period - Snap shot by Max Domi.
14:16 of 3rd period - Stopped by Thomas Greiss without a rebound.
14:17 of 3rd period - Bo Horvat wins face-off versus Emerson Etem in River Frogs zone.
14:42 of 3rd period - Wrist shot by Pavel Zacha.
14:42 of 3rd period - Stopped by Thomas Greiss without a rebound.
14:43 of 3rd period - Emerson Etem wins face-off versus JT Compher in River Frogs zone.
15:04 of 3rd period - Justin Florek is hit by Luca Sbisa and loses puck.
15:17 of 3rd period - Slapshot by Iiro Pakarinen.
15:17 of 3rd period - Shot Blocked by Aaron Ness.
15:19 of 3rd period - Snap shot by Pavel Zacha.
15:19 of 3rd period - Stopped by Thomas Greiss with a rebound.
15:21 of 3rd period - Slapshot by Noah Hanifin.
15:21 of 3rd period - Deflect By Iiro Pakarinen.
15:21 of 3rd period - Stopped by Thomas Greiss with a rebound.
15:23 of 3rd period - Snap shot by JT Compher.
15:23 of 3rd period - Stopped by Thomas Greiss with a rebound.
15:35 of 3rd period - Snap shot by JT Compher.
15:35 of 3rd period - Shot Blocked by Morgan Rielly.
15:37 of 3rd period - Wrist shot by Dmitry Sinitsyn.
15:37 of 3rd period - Stopped by Thomas Greiss with a rebound.
15:39 of 3rd period - Snap shot by Pavel Zacha.
15:39 of 3rd period - Deflect By Iiro Pakarinen.
15:39 of 3rd period - Shot Misses the Net.
15:39 of 3rd period - Puck is out of play.
15:40 of 3rd period - Emerson Etem wins face-off versus Bo Horvat in River Frogs zone.
15:57 of 3rd period - Nikita Zadorov is hit by Justin Bailey and loses puck.
16:04 of 3rd period - Penalty to Matt Grzelcyk is over, Matt Grzelcyk is back on ice.
17:07 of 3rd period - Snap shot by Ondrej Kase.
17:07 of 3rd period - Stopped by Charlie Lindgren with a rebound.
17:09 of 3rd period - Wrist shot by David Kolomatis.
17:09 of 3rd period - Shot Misses the Net.
17:11 of 3rd period - Wrist shot by Justin Florek.
17:11 of 3rd period - Stopped by Charlie Lindgren without a rebound.
17:12 of 3rd period - Jared Knight wins face-off versus Colton Sissons in Influenza zone.
17:27 of 3rd period - Wrist shot by Colton Sissons.
17:27 of 3rd period - Shot Misses the Net.
18:12 of 3rd period - Minor Penalty to Tim Erixon for High sticking.
18:13 of 3rd period - Colton Sissons wins face-off versus Dominik Simon in Influenza zone.
18:29 of 3rd period - Backhand shot by Emerson Etem.
18:29 of 3rd period - Shot Blocked by Ryan Dzingel.
Goals for this period are 1 for Influenza vs 0 for River Frogs.
Shots for this period are 20 for Influenza vs 8 for River Frogs.